cohdb
Replays
Latest Replays
All Replays
Popular Replays
Top Player Replays
Match Explorer
How It Works
Community
CoH3 Stats
Reddit
Sign in to upload your games and track your stats! →
Sign in with Steam
Match 45831545
Unlisted
Match 45831545
Overview
Messages
Build Orders
End
Kradschützen Motorcycle Team
Panzergrenadier Squad
Panzergrenadier Squad
Construct Light Support Kompanie
MG34 Team
Fire Support Elements
Selects Italian Infantry
le.IG 18 Mechanized Group
Selects Guastatori Squad
Guastatori Squad
AI Takeover
Onkel Franz
battle_pangolin
BIOHAZARD
Sauzer88
0
0
Comments
sign in to comment!
No comments posted yet!